AoeStats
← Surreal

Lombardia

508644654Analyzed
2v2 RM · 7d ago on Sep 23, 2026· 17m 1s· 4 players
Game mode
Random Map
Map size
Medium (4 player)
Population
200
Speed
Normal
Resources
Standard
Victory
Conquest
Starting age
Dark Age
Ending age
Imperial Age
RankedLock teamsTeams togetherTeam positionsShared explorationLock speedFull tech treeHidden civsTurbo modeCheats
Victory
Defeat
🇪🇸 Teutons · Spain
963
+14
🇸🇪 Byzantines · Sweden
960
+14
🇨🇳 Danes · China
928
-14
🇰🇷 Inca · South Korea
916
-14
A02
8:52 Loom
11:24 Feudal Age
13:32 Double-Bit Axe
16:36 Castle Age
15:25 Arson
16:07 Horse Collar
changlee8
0:35 Loom
13:33 Feudal Age
14:17 Arson
16:25 Town Watch
Surreal
4:58 Loom
10:41 Feudal Age
11:43 Horse Collar
14:40 Double-Bit Axe
17:01 Fletching
17:12 Padded Archer Armor
Cruzza
10:23 Feudal Age
9:04 Loom
11:03 Double-Bit Axe
10:59 Horse Collar
14:53 Forging
Connection lost

Rejoining the realm…

Still unreachable

The connection could not be restored.

Session expired

The server has moved on; the page needs a fresh start.